 Dungeon Crawl Stone Soup version 0.27-a0-1137-g3ef0f4ec91 (webtiles) character file.

Game seed: 17394403015839555776

10517 1player the Basher (level 11, -5/106 HPs)
             Began as a Gargoyle Monk on May 6, 2021.
             Was a High Priest of Zin.
             Slain by a white very ugly thing (11 damage)
             ... on level 1 of the Abyss.
             The game lasted 00:34:28 (13916 turns).

1player the Basher (Gargoyle Monk)                 Turns: 13916, Time: 00:34:28

Health: -5/106     AC: 24    Str: 18    XL:     11   Next: 63%
Magic:  17/17      EV:  8    Int: 11    God:    Zin [*****.]
Gold:   436        SH:  5    Dex: 12    Spells: 10/10 levels left

rFire    . . .     SeeInvis .   a - +3 morningstar
rCold    + + .     Faith    .   E - +0 buckler
rNeg     + . .     Spirit   .   Y - +2 chain mail {rC+}
rPois    ∞         Reflect  .   (no helmet)
rElec    +         Harm     .   v - +1 cloak
rCorr    .         Rampage  .   q - +0 pair of gloves
Will     .....                  B - +0 pair of boots
Stlth    ..........             V - amulet of the acrobat
HPRegen  0.27/turn              F - ring of protection from cold
MPRegen  0.15/turn              k - ring of wizardry

@: berserking (expiring), studying Evocations, quick
A: sickness immunity, AC +8, negative energy resistance 1, electricity
resistance, torment resistance 1, unbreathing 1, petrification resistance
a: Renounce Religion, Recite, Vitalisation, Imprison, Sanctuary, Donate Gold


You were on level 1 of the Abyss.
You worshipped Zin.
Zin was extremely pleased with you.
You visited 2 branches of the dungeon, and saw 11 of its levels.
You visited the Abyss 1 time.
You also visited: Sewer.

You collected 849 gold pieces.
You donated 413 gold pieces to Zin.

Inventory:

Hand Weapons
 a - a +3 morningstar (weapon)
 b - a +0 flail of venom
 O - the +9 dagger of the Imperium {antimagic, *Slow rF+ Str+2 SInv}
   (You found it on level 7 of the Dungeon)

   It reduces the magical energy of the wielder, and disrupts the spells and
   magical abilities of those hit.
   Natural abilities and divine invocations are not affected.
   It affects your strength (+2).
   It protects you from fire.
   It lets you see invisible.
   It may slow you when you take damage.
Missiles
 f - 62 poisoned darts (quivered)
 K - a throwing net
 M - 3 atropa-tipped darts
 P - 2 curare-tipped darts
 W - 12 boomerangs of dispersal
Armour
 q - a +0 pair of gloves (worn)
 v - a +1 cloak (worn)
 B - a +0 pair of boots (worn)
 E - a +0 buckler (worn)
 L - +0 ice dragon scales
 Y - a +2 chain mail of cold resistance (worn)
Jewellery
 k - a ring of wizardry (right hand)
 m - a ring of magical power
 F - a ring of protection from cold (left hand)
 T - a ring of ice
 V - an amulet of the acrobat (around neck)
 Z - a ring of ice
Wands
 Q - a wand of iceblast (7)
Scrolls
 h - a scroll of fog
 A - 3 scrolls of enchant armour
 I - a scroll of summoning
 J - a scroll of amnesia
 R - 2 scrolls of fear
 U - 4 scrolls of identify {@r1}
Potions
 l - a potion of ambrosia
 p - a potion of mutation {!q}
 r - 2 potions of brilliance
 t - a potion of cancellation
 u - a potion of haste
 D - a potion of might
 H - a potion of berserk rage
 S - 2 potions of flight
 X - 2 potions of magic


   Skills:
 - Level 9.6 Fighting
 + Level 12.4 Maces & Flails
 * Level 5.3 Armour
 - Level 2.4 Dodging
 - Level 2.1 Stealth
 - Level 4.0 Shields
 - Level 9.0 Invocations


You had 10 spell levels left.
You didn't know any spells.
Your spell library contained the following spells:

 Spells                   Type           Power      Damage    Failure   Level
 Animate Skeleton         Necr           0%         N/A       82%         1
 Apportation              Tloc           0%         N/A       82%         1
 Corona                   Hex            0%         N/A       82%         1
 Pain                     Necr           0%         1d4       82%         1
 Summon Small Mammal      Summ           0%         N/A       82%         1
 Vampiric Draining        Necr           0%         2d6       99%         3
 Animate Dead             Necr           0%         N/A       100%        4
 Agony                    Necr           0%         N/A       100%        5
 Irradiate                Conj/Tmut      0%         3d13      100%        5
 Blade Hands              Tmut           0%         N/A       100%        6
 Dragon Form              Tmut           0%         N/A       100%        7
 Statue Form              Tmut/Erth      Unusable   N/A       N/A         6

Dungeon Overview and Level Annotations

Branches:
Dungeon (10/15)            Temple (1/1) D:5            Lair (0/6) D:10
    Orc (0/2) D:9           Sewer (visited)

Altars:
Ashenzari
Cheibriados
Dithmenos
Elyvilon
Fedhas
Gozag
Kikubaaqudgha
Makhleb
Nemelex Xobeh
Okawaru
Qazlal
Ru
Sif Muna
Trog
Uskayaw
Vehumet
Wu Jian
Xom
Yredelemnul
Zin
The Shining One

Shops:
D:5 =   D:7 =

Annotations:
D:3 exclusion: downstairs
D:4 Dowan, Duvessa
D:6 1 runed translucent door, Crazy Yiuf
D:9 Maggie
D:10 2 runed translucent doors, Erolcha; nago's ghost, journeyman DgEE


Innate Abilities, Weirdness & Mutations

You are immune to sickness and miasma.
Your stone body is resilient. (AC +8)
You are immune to poison.
You resist negative energy. (rN+)
You are resistant to electric shocks. (rElec)
You are resistant to unholy torment.
You can survive without breathing.
You are immune to petrification.


Message History

You resist.
You puncture the hellwing!
The hellwing is moderately wounded.
You are engulfed in a cloud of scalding steam.
The smoke demon hits you but does no damage. x3
The hellwing hits you but does no damage. x2
You impale the hellwing!!
The hellwing is almost dead.
You are engulfed in a cloud of scalding steam.
The white very ugly thing closely misses you.
The smoke demon hits you. The smoke demon barely misses you.
The smoke demon hits you but does no damage.
You thump the hellwing!
You kill the hellwing!
You are engulfed in a cloud of scalding steam.
The neqoxec gestures at you.
Something tries to feed on your intellect!
You completely miss the white very ugly thing.
You are engulfed in a cloud of scalding steam.
The white very ugly thing gores you but does no damage.
The smoke demon hits you but does no damage.
The smoke demon completely misses you.
The smoke demon hits you but does no damage.
Your unstable footing causes you to fumble your attack.
You are engulfed in a cloud of scalding steam.
You bludgeon the white very ugly thing!!
The white very ugly thing is lightly wounded.
You are engulfed in a cloud of scalding steam.
The white very ugly thing gores you.
* * * LOW HITPOINT WARNING * * *
The white very ugly thing freezes you! You resist.
* * * LOW HITPOINT WARNING * * *
The smoke demon gestures at you. The sticky flame hits you!
* * * LOW HITPOINT WARNING * * *
You puncture the white very ugly thing!
The white very ugly thing is moderately wounded.
You are engulfed in a cloud of scalding steam.
The white very ugly thing gores you!
You die...

#.#
.≈.
#.#
#.#
...
#3#
##u###
#$@3$#
######


You could see a white very ugly thing, a smoke demon and a neqoxec.

Vanquished Creatures
  Harold (D:9)
  Fannar (D:10)
  Pikel (D:9)
  3 kobold demonologists (D:9)
  A hellwing (Abyss:1)
  A hornet (D:7)
  Sigmund (D:6)
  A wraith (D:8)
  7 yaks
  A wyvern (D:10)
  Eustachio (D:6)
  3 vampire mosquitoes (D:10)
  2 wargs (D:10)
  4 water moccasins
  A swamp drake (D:9)
  7 orc warriors
  An ice beast (D:8)
  4 black bears
  3 necrophages
  2 ogres
  2 centaurs
  A phantom (D:5)
  6 bullfrogs
  5 kobold brigands
  6 scorpions
  2 wyvern skeletons (D:6)
  10 killer bees
  A small abomination (Abyss:1)
  3 wights (D:8)
  A howler monkey (D:8)
  2 centaur zombies
  2 centaur skeletons
  10 orc priests
  3 hounds
  A jelly (D:4)
  2 iguanas
  6 orc wizards
  A killer bee zombie (D:7)
  4 gnolls
  13 adders
  2 white imps
  An ufetubus (Abyss:1)
  An adder zombie (D:4)
  An adder skeleton (D:4)
  A worm (D:2)
  2 dart slugs
  51 orcs
  14 endoplasms
  17 giant cockroaches
  6 goblins
  4 hobgoblins
  10 quokkas
  21 ball pythons
  8 bats
  13 frilled lizards
  A hobgoblin zombie (D:6)
  A jackal zombie (D:6)
  25 kobolds
  A kobold zombie (D:6)
  8 rats
315 creatures vanquished.

Vanquished Creatures (collateral kills)
  A howler monkey zombie (D:6)
  An orc (D:6)
2 creatures vanquished.

Vanquished Creatures (others)
  A plant (D:10)
  8 starspawn tentacles (Abyss:1)
9 creatures vanquished.

Grand Total: 326 creatures vanquished

Notes
Turn   | Place    | Note
-------+----------+-------------------------------------------
     0 | D:1      | 1player the Gargoyle Monk began the quest for the Orb.
     0 | D:1      | Reached XP level 1. HP: 14/14 MP: 1/1
   185 | D:1      | Reached XP level 2. HP: 10/19 MP: 2/2
   520 | D:1      | Found a faded altar of an unknown god.
   552 | D:1      | Reached skill level 4 in Maces & Flails
   570 | D:1      | Reached XP level 3. HP: 23/23 MP: 3/3
  1593 | D:2      | Reached XP level 4. HP: 27/28 MP: 4/4
  1950 | D:3      | Noticed a bullfrog
  1971 | D:3      | Reached skill level 5 in Maces & Flails
  2038 | D:3      | Identified a scroll of acquirement
  2397 | D:3      | Reached XP level 5. HP: 32/32 MP: 5/5
  2550 | D:3      | Reached skill level 6 in Maces & Flails
  2672 | D:3      | Acquired a manual of Evocations
  2701 | D:3      | Reached skill level 1 in Armour
  2701 | D:3      | Reached XP level 6. HP: 26/38 MP: 6/6
  3488 | D:4      | Noticed a necrophage
  3530 | D:4      | Killed a necrophage
  3811 | D:4      | Noticed an orc warrior
  3972 | D:4      | Killed an orc warrior
  3973 | D:4      | Reached skill level 7 in Maces & Flails
  3973 | D:4      | Reached XP level 7. HP: 26/43 MP: 7/7
  4476 | D:4      | Noticed Duvessa
  4476 | D:4      | Noticed Dowan
  4918 | D:5      | Entered Level 5 of the Dungeon
  5152 | D:5      | Found a radiant altar of Vehumet.
  5205 | D:5      | Reached skill level 5 in Fighting
  5424 | D:5      | Reached XP level 8. HP: 41/49 MP: 8/8
  5436 | D:5      | Reached skill level 8 in Maces & Flails
  5607 | D:5      | Found Doni's Jewellery Emporium.
  5691 | D:5      | Found a staircase to the Ecumenical Temple.
  5696 | Temple   | Entered the Ecumenical Temple
  6463 | D:6      | Noticed Eustachio
  6477 | D:6      | Killed Eustachio
  6489 | D:5      | Reached skill level 9 in Maces & Flails
  6673 | D:6      | Found a glowing drain.
  6716 | Sewer    | Entered a sewer
  7429 | Sewer    | Reached skill level 1 in Shields
  7429 | Sewer    | Reached XP level 9. HP: 52/55 MP: 9/9
  7480 | D:6      | Noticed Sigmund
  7569 | D:6      | Killed Sigmund
  7570 | D:6      | Reached skill level 10 in Maces & Flails
  7775 | D:6      | Found a bloodstained altar of Trog.
  8381 | D:6      | Found a runed translucent door.
  8382 | D:6      | Noticed Crazy Yiuf
  8609 | D:7      | Found Uqogh's Jewellery Shop.
  8628 | D:7      | Identified the +9 dagger of the Imperium {antimagic, *Slow
                  | rF+ Str+2 SInv}
  8813 | D:7      | Noticed a hornet
  8826 | D:7      | Killed a hornet
  8883 | D:7      | Found an ornate altar of the Wu Jian Council.
  8887 | D:7      | Found a sparkling altar of Nemelex Xobeh.
  8889 | D:7      | Found an opulent altar of Gozag.
  8889 | D:7      | Found an iron altar of Okawaru.
  8891 | D:7      | Found a glowing golden altar of the Shining One.
  8892 | D:7      | Found an ancient bone altar of Kikubaaqudgha.
  9039 | D:7      | Reached skill level 11 in Maces & Flails
  9266 | D:8      | Reached XP level 10. HP: 53/64 MP: 10/10
  9688 | D:8      | Found a glowing silver altar of Zin.
 10033 | D:9      | Noticed Maggie
 10033 | D:9      | Noticed Pikel
 10293 | D:8      | Became a worshipper of Zin the Law-Giver
 10293 | D:8      | Reached * piety under Zin
 10293 | D:8      | Reached ** piety under Zin
 10293 | D:8      | Reached *** piety under Zin
 10700 | D:9      | Reached **** piety under Zin
 10754 | D:9      | Reached ***** piety under Zin
 10777 | D:9      | Noticed a manticore
 11056 | D:9      | Noticed Harold
 11078 | D:9      | Reached skill level 1 in Invocations
 11101 | D:9      | Killed Harold
 11102 | D:9      | Reached skill level 5 in Invocations
 11119 | D:10     | Entered Level 10 of the Dungeon
 11149 | D:9      | Found a staircase to the Orcish Mines.
 11476 | D:8      | Donated 329 gold pieces to Zin
 11791 | D:9      | Killed Pikel
 11792 | D:9      | Reached XP level 11. HP: 43/71 MP: 16/16
 11920 | D:10     | Noticed Erolcha
 12322 | D:10     | Noticed a sun demon
 12584 | D:9      | Reached skill level 12 in Maces & Flails
 12884 | D:10     | Found a runed translucent door.
 12895 | D:10     | Found a runed translucent door.
 12895 | D:10     | Noticed a skeletal warrior
 12896 | D:10     | Noticed a deep troll earth mage
 12896 | D:10     | Noticed a frost giant
 12897 | D:10     | Noticed a necromancer
 12897 | D:10     | Noticed a lich
 13009 | D:10     | Found a staircase to the Lair.
 13241 | D:10     | Noticed nago's ghost (journeyman DgEE)
 13277 | D:10     | Noticed Fannar
 13305 | D:10     | Killed Fannar
 13398 | D:10     | Found a snail-covered altar of Cheibriados.
 13478 | D:10     | Reached skill level 5 in Armour
 13655 | D:10     | Cast into level 1 of the Abyss (Erolcha)
 13672 | Abyss:1  | Noticed a starcursed mass
 13694 | Abyss:1  | Noticed a tentacled starspawn
 13733 | Abyss:1  | Found a corrupted altar of Lugonu.
 13854 | Abyss:1  | Noticed a bone dragon
 13883 | Abyss:1  | Noticed a hellephant
 13905 | Abyss:1  | Noticed a white very ugly thing
 13916 | Abyss:1  | Slain by a white very ugly thing

Illustrated notes

Levels and vault maps discovered:
D:1:      eino_arrival_druids_welcome, layout_loops_ring, serial_forest,
          infiniplex_forest_clump_tiny, infiniplex_forest_lined_3,
          infiniplex_forest_clump_medium, infiniplex_forest_clump_diagonal,
          infiniplex_forest_clump_tiny, chequers_ecumenical_altar_island
D:2:      layout_loops_ring, minmay_fountain_box, grunt_ministairs_14
D:3:      layout_loops_ring, minmay_misc_feat_tiny, kennysheep_generic_room_13
D:4:      minmay_chambers_of_fours, layout_gridville, due_unseen_surprise,
          uniq_duvessa
D:5:      layout_basic, amcnicky_altar_gilded, minmay_temple_entry_arrows,
          serial_shops, shop
D:6:      layout_basic, trog_book, enter_ossuary_3, gup_sewer_entry_glass,
          minmay_misc_feat_four_crosses, uniq_crazy_yiuf_cottage,
          uniq_eustachio, uniq_sigmund
D:7:      layout_rooms, grunt_temple_overflow_open, serial_shops, shop
D:8:      layout_basic, zin_academy, dk_vineyard_1, minmay_unpleasant_kobolds
D:9:      layout_roguey [special_room_orc], worldfamousw_hep_ancestral_shrine,
          erik_orc_1, uniq_pikel, uniq_maggie, uniq_harold
D:10:     layout_long_grid, kennysheep_slug_shrine, erik_lair_orcish_takeover,
          muffindrake_ghost_dual_entry, serial_park_tiny_pond, uniq_erolcha,
          uniq_fannar
Temple:   minmay_temple_curvy_loop
Abyss:1:  base: D:2, hangedman_cross_veins

Skill      XL: |  1  2  3  4  5  6  7  8  9 10 11 |
---------------+----------------------------------+-----
Maces & Flails | 4 5 6 7 9 11 12 | 12.4
Armour         | 1 2 3 5 |  5.3
Fighting       | 4 5 6 7 9 |  9.6
Shields        | 1 4 |  4.0
Invocations    | 7 9 |  9.0
Dodging        | |  2.4
Stealth        | |  2.1

Action                   |  1- 3 |  4- 6 |  7- 9 | 10-12 || total
-------------------------+-------+-------+-------+-------++-------
Melee: Mace              |    27 |     2 |       |       ||    29
       Dagger            |    71 |   109 |       |       ||   180
       Flail             |       |    29 |   514 |   302 ||   845
       Morningstar       |       |       |     4 |   213 ||   217
Throw: Dart              |     6 |    11 |     4 |     4 ||    25
Invok: Recite            |       |       |       |     5 ||     5
       Donate Gold       |       |       |       |     1 ||     1
       Sanctuary         |       |       |       |     1 ||     1
Evoke: Wand              |       |       |     2 |     4 ||     6
  Use: Scroll            |       |     8 |    14 |     9 ||    31
       Potion            |       |     1 |     1 |     4 ||     6
 Stab: Sleeping          |     3 |     4 |       |       ||     7
Armor: Ring mail         |    40 |    62 |   268 |    55 ||   425
       Robe              |     2 |       |       |       ||     2
       Chain mail        |       |       |       |   343 ||   343
Dodge: Dodged            |    43 |    86 |   327 |   326 ||   782
Block: Buckler           |       |       |    42 |   132 ||   174

Table legend: (Time is in decaauts)
 A = Elapsed time spent in this place.
 B = Non-inter-level travel time spent in this place.
 C = Inter-level travel time spent in this place.
 D = Time resting spent in this place.
 E = Time spent auto-exploring this place.
 F = Levels seen in this place.
 G = Mean time per level.
                   A        B        C        D        E       F      G
               +--------+--------+--------+--------+--------+-----+--------+
         Total |  13866 |  13221 |    645 |   3915 |   5626 |  13 | 1066.6 |
       Dungeon |  12591 |  11968 |    623 |   3591 |   5276 |  10 | 1259.1 |
        Temple |    226 |    204 |     22 |      0 |    203 |   1 |  226.0 |
         Abyss |    254 |    254 |      0 |     58 |      2 |   1 |  254.0 |
         Sewer |    793 |    793 |      0 |    266 |    145 |   1 |  793.0 |
               +--------+--------+--------+--------+--------+-----+--------+

Top non-repeatable levels by time:
     D:8: 1731 daAuts
     D:3: 1696 daAuts
     D:9: 1692 daAuts
     D:5: 1550 daAuts
     D:4: 1257 daAuts
     D:1: 1174 daAuts
     D:6: 1065 daAuts
    D:10: 1014 daAuts
     D:2: 800 daAuts
   Sewer: 793 daAuts
     D:7: 608 daAuts
 Abyss:1: 254 daAuts
  Temple: 226 daAuts
